[ AOE2 MATCH · #484261133 ]
Team RMTeutons vs Spanish
[ REPLAY ANALYSIS · EXTRACTED FROM THE RECORDED GAME ]
Feudal
12:59
Castle
22:45
Imperial
30:47
| APM avg | 31.1 |
| APM peak | 56 |
| eAPM avg | 18.8 |
| Villagers / military | 97 / 67 |
Focus
⚔️ 35.7% · 🌾 64.3%
Spearman ×26 · Knight ×19 · Teutonic Knight ×13 · Bombard Cannon ×5 · Trade Cart ×4 · Monk ×2
Feudal
10:04
Castle
27:51
Imperial
43:13
| APM avg | 14.3 |
| APM peak | 33 |
| eAPM avg | 9.0 |
| Villagers / military | 97 / 87 |
Focus
⚔️ 15.8% · 🌾 84.2%
Knight ×39 · Archer ×20 · Trade Cart ×13 · Militia ×10 · Kipchak ×10 · Scout Cavalry ×5
Feudal
—
Castle
—
Imperial
—
| APM avg | 9.1 |
| APM peak | 31 |
| eAPM avg | 8.5 |
| Villagers / military | 131 / 38 |
Focus
⚔️ 25.2% · 🌾 74.8%
Coustillier ×28 · Archer ×10
Feudal
11:34
Castle
20:11
Imperial
42:51
| APM avg | 21.3 |
| APM peak | 75 |
| eAPM avg | 11.2 |
| Villagers / military | 91 / 62 |
Focus
⚔️ 22.1% · 🌾 77.9%
Konnik ×24 · Spearman ×18 · Skirmisher ×18 · Trebuchet (Packed) ×2
Feudal
—
Castle
—
Imperial
—
| APM avg | 17.0 |
| APM peak | 56 |
| eAPM avg | 12.9 |
| Villagers / military | 96 / 78 |
Focus
⚔️ 25.9% · 🌾 74.1%
Skirmisher ×30 · Cavalry Archer ×17 · Spearman ×15 · Knight ×10 · Trade Cart ×9 · Trebuchet (Packed) ×5
Feudal
12:52
Castle
22:48
Imperial
—
| APM avg | 19.5 |
| APM peak | 51 |
| eAPM avg | 10.2 |
| Villagers / military | 91 / 42 |
Focus
⚔️ 23.5% · 🌾 76.5%
Spearman ×20 · Knight ×19 · Trade Cart ×7 · Battering Ram ×2 · Missionary ×1
Match map
Resources at game start + every placement click. Thick line = wall · dashed box = detected house wall. 🟡 gold · ⚪ stone · 🟢 berries · 🔶 boar · ⭕ relic
Inputs per minute
— Twixxo - - ItzGangster
Build order — Twixxo
First 150 of 318 actions detected
| 0:03 | Create | Villager (Male) |
| 0:11 | Build | House |
| 0:30 | Build | House |
| 0:33 | Create | Villager (Male) |
| 0:34 | Create | Villager (Male) |
| 0:34 | Create | Villager (Male) |
| 1:21 | Create | Villager (Male) |
| 1:21 | Create | Villager (Male) |
| 1:50 | Create | Villager (Male) |
| 2:27 | Create | Villager (Male) |
| 2:42 | Build | House |
| 2:43 | Build | House |
| 3:08 | Create | Villager (Male) |
| 3:12 | Create | Villager (Male) |
| 3:28 | Create | Villager (Male) |
| 3:41 | Create | Villager (Male) |
| 4:14 | Create | Villager (Male) |
| 5:24 | Create | Villager (Male) |
| 5:31 | Create | Villager (Male) |
| 5:58 | Create | Villager (Male) |
| 6:30 | Create | Villager (Male) |
| 6:48 | Create | Villager (Male) |
| 6:49 | Create | Villager (Male) |
| 7:05 | Create | Villager (Male) |
| 7:28 | Create | Villager (Male) |
| 7:34 | Create | Villager (Male) |
| 7:56 | Build | House |
| 8:00 | Create | Villager (Male) |
| 8:30 | Build | Mill |
| 8:32 | Build | Lumber Camp |
| 8:33 | Create | Villager (Male) |
| 8:43 | Build | Mill |
| 8:46 | Build | House |
| 8:49 | Create | Villager (Male) |
| 9:03 | Build | Mining Camp |
| 9:44 | Build | Farm |
| 9:50 | Create | Villager (Male) |
| 10:11 | Create | Villager (Male) |
| 10:27 | Build | Farm |
| 10:36 | Build | Mining Camp |
| 10:42 | Research | Feudal Age |
| 10:42 | Research | Feudal Age |
| 11:09 | Build | Outpost |
| 11:44 | Create | Villager (Male) |
| 12:32 | Create | Villager (Male) |
| 12:45 | Build | Barracks |
| 12:54 | Create | Villager (Male) |
| 12:58 | Build | House |
| 12:59 | Build | House |
| 12:59 | Age | Feudal Age |
| 13:10 | Build | Stone Wall |
| 13:13 | Build | Stone Wall |
| 13:17 | Build | Stone Wall |
| 13:26 | Create | Villager (Male) |
| 13:38 | Build | Building 673 |
| 13:42 | Build | Stone Wall |
| 13:47 | Create | Villager (Male) |
| 13:48 | Create | Villager (Male) |
| 13:49 | Research | Double-Bit Axe |
| 13:51 | Create | Villager (Male) |
| 13:53 | Research | Wheelbarrow |
| 13:54 | Create | Villager (Male) |
| 14:01 | Build | Farm |
| 14:07 | Build | House |
| 14:12 | Create | Villager (Male) |
| 14:25 | Create | Spearman |
| 14:28 | Build | Stone Wall |
| 14:32 | Build | Stone Wall |
| 14:39 | Research | Horse Collar |
| 14:46 | Build | Watch Tower |
| 15:03 | Create | Villager (Male) |
| 15:17 | Build | Farm |
| 15:20 | Build | Farm |
| 15:32 | Create | Spearman |
| 15:42 | Build | Archery Range |
| 15:50 | Create | Villager (Male) |
| 15:57 | Create | Villager (Male) |
| 16:22 | Build | Farm |
| 16:34 | Create | Villager (Male) |
| 16:38 | Build | Stable |
| 16:43 | Create | Villager (Male) |
| 16:52 | Build | Farm |
| 17:00 | Build | Farm |
| 17:03 | Build | Farm |
| 17:06 | Build | Farm |
| 17:11 | Create | Villager (Male) |
| 17:30 | Build | Market |
| 17:44 | Create | Scout Cavalry |
| 18:07 | Research | Gold Mining |
| 18:24 | Create | Villager (Male) |
| 18:33 | Create | Trade Cart |
| 18:48 | Build | House |
| 18:49 | Build | House |
| 19:03 | Build | Farm |
| 19:08 | Create | Villager (Male) |
| 19:11 | Build | Lumber Camp |
| 19:27 | Research | Loom |
| 19:33 | Build | House |
| 19:56 | Research | Castle Age |
| 19:56 | Research | Castle Age |
| 20:01 | Research | Arson |
| 20:48 | Create | Spearman |
| 20:49 | Create | Villager (Male) |
| 20:59 | Build | House |
| 21:11 | Build | House |
| 21:12 | Build | House |
| 21:22 | Create | Trade Cart |
| 22:29 | Research | Stone Mining |
| 22:33 | Create | Spearman |
| 22:41 | Create | Villager (Male) |
| 22:42 | Create | Villager (Male) |
| 22:45 | Age | Castle Age |
| 22:54 | Build | Town Center |
| 22:58 | Research | Bow Saw |
| 22:59 | Create | Villager (Male) |
| 22:59 | Create | Villager (Male) |
| 23:20 | Build | Castle |
| 23:48 | Research | Heavy Plow |
| 23:49 | Create | Villager (Male) |
| 23:52 | Create | Knight |
| 23:53 | Create | Knight |
| 24:09 | Build | Blacksmith |
| 24:12 | Create | Villager (Male) |
| 24:13 | Create | Villager (Male) |
| 24:22 | Build | House |
| 24:45 | Build | University |
| 24:46 | Create | Spearman |
| 24:52 | Create | Villager (Male) |
| 24:53 | Create | Villager (Male) |
| 24:56 | Build | Farm |
| 24:59 | Build | Farm |
| 25:00 | Create | Villager (Male) |
| 25:16 | Build | Siege Workshop |
| 25:24 | Build | Siege Workshop |
| 25:38 | Build | Farm |
| 25:40 | Research | Hand Cart |
| 25:43 | Create | Villager (Male) |
| 25:47 | Build | Farm |
| 25:49 | Build | Farm |
| 25:52 | Build | Farm |
| 26:34 | Build | Stone Wall |
| 26:37 | Build | Building 673 |
| 26:40 | Build | Stone Wall |
| 26:54 | Create | Villager (Male) |
| 26:54 | Create | Villager (Male) |
| 26:59 | Build | Mill |
| 27:37 | Research | Imperial Age |
| 27:37 | Research | Imperial Age |
| 27:41 | Build | House |
| 27:42 | Build | House |
Build order — ItzGangster
First 150 of 258 actions detected
| 0:03 | Create | Villager (Male) ×4 |
| 0:06 | Build | House |
| 0:10 | Build | House |
| 1:38 | Create | Villager (Male) |
| 1:38 | Create | Villager (Male) |
| 2:08 | Create | Villager (Male) |
| 2:52 | Create | Villager (Male) |
| 2:54 | Research | Loom |
| 2:55 | Create | Villager (Male) |
| 3:25 | Build | Lumber Camp |
| 4:01 | Create | Villager (Male) |
| 4:13 | Build | Mill |
| 4:31 | Create | Villager (Male) |
| 5:20 | Create | Villager (Male) |
| 5:21 | Create | Villager (Male) |
| 6:04 | Build | House |
| 6:33 | Create | Villager (Male) |
| 7:54 | Research | Feudal Age |
| 7:57 | Create | Villager (Male) ×3 |
| 10:04 | Age | Feudal Age |
| 10:27 | Create | Villager (Male) |
| 10:32 | Build | House |
| 11:02 | Build | Palisade Wall |
| 11:36 | Build | Town Center |
| 11:44 | Create | Villager (Male) |
| 11:45 | Create | Villager (Male) |
| 12:53 | Create | Villager (Male) |
| 12:54 | Create | Villager (Male) |
| 12:55 | Create | Villager (Male) |
| 12:56 | Create | Villager (Male) |
| 13:27 | Build | Barracks |
| 13:36 | Create | Villager (Male) |
| 13:36 | Create | Villager (Male) |
| 14:22 | Create | Villager (Male) |
| 14:23 | Create | Villager (Male) |
| 14:34 | Build | Farm |
| 14:41 | Build | House |
| 15:05 | Research | Man-at-Arms (upgrade) |
| 15:06 | Create | Militia ×2 |
| 15:25 | Build | Farm |
| 15:26 | Build | Farm |
| 15:27 | Build | Farm |
| 15:28 | Build | Farm |
| 15:31 | Build | Farm |
| 15:34 | Build | Farm |
| 15:38 | Create | Villager (Male) |
| 15:39 | Create | Villager (Male) |
| 15:59 | Build | Farm |
| 16:02 | Build | Farm |
| 16:25 | Build | Farm |
| 16:29 | Create | Villager (Male) |
| 16:30 | Create | Villager (Male) |
| 17:01 | Build | House |
| 17:14 | Build | Stable |
| 17:17 | Create | Villager (Male) |
| 17:19 | Create | Villager (Male) |
| 17:33 | Build | House |
| 17:48 | Create | Militia |
| 17:48 | Create | Militia |
| 18:06 | Build | Farm |
| 18:08 | Create | Spearman |
| 18:08 | Create | Spearman |
| 18:23 | Research | Arson |
| 18:44 | Build | Market |
| 18:46 | Create | Villager (Male) |
| 18:47 | Create | Villager (Male) |
| 18:53 | Create | Villager (Male) |
| 18:54 | Create | Villager (Male) |
| 19:26 | Build | House |
| 19:32 | Build | Farm |
| 19:56 | Build | Mill |
| 19:58 | Build | Farm |
| 20:00 | Create | Villager (Male) |
| 20:01 | Create | Villager (Male) |
| 20:04 | Build | Farm |
| 20:12 | Build | House |
| 20:14 | Build | House |
| 20:15 | Build | House |
| 20:48 | Create | Militia |
| 20:55 | Build | Farm |
| 20:59 | Build | House |
| 21:00 | Build | House |
| 21:04 | Create | Villager (Male) |
| 21:04 | Create | Villager (Male) |
| 21:06 | Create | Villager (Male) |
| 21:13 | Build | Farm |
| 21:22 | Research | Bloodlines |
| 21:29 | Create | Trade Cart |
| 21:29 | Create | Trade Cart |
| 21:29 | Create | Trade Cart |
| 21:41 | Research | Double-Bit Axe |
| 21:47 | Build | House |
| 21:49 | Build | House |
| 21:51 | Build | House |
| 22:21 | Build | Farm |
| 22:31 | Build | Farm |
| 22:34 | Build | Farm |
| 23:10 | Create | Villager (Male) |
| 23:16 | Create | Villager (Male) |
| 23:22 | Build | Farm |
| 24:29 | Build | Farm |
| 24:39 | Create | Scout Cavalry ×5 |
| 24:48 | Create | Militia ×5 |
| 24:51 | Create | Trade Cart |
| 24:52 | Create | Trade Cart |
| 24:57 | Build | Farm |
| 24:59 | Create | Villager (Male) |
| 25:11 | Research | Castle Age |
| 25:12 | Create | Villager (Male) |
| 25:13 | Create | Villager (Male) |
| 25:31 | Build | Stable |
| 25:34 | Build | Stable |
| 25:36 | Build | Archery Range |
| 25:38 | Build | Archery Range |
| 26:02 | Build | Farm |
| 26:09 | Build | Farm |
| 26:19 | Create | Villager (Male) |
| 26:19 | Create | Villager (Male) |
| 26:19 | Create | Villager (Male) |
| 26:23 | Build | Mining Camp |
| 26:41 | Research | Horse Collar |
| 27:15 | Create | Trade Cart |
| 27:16 | Create | Trade Cart |
| 27:45 | Research | Stone Mining |
| 27:49 | Create | Villager (Male) |
| 27:50 | Create | Villager (Male) |
| 27:50 | Create | Villager (Male) |
| 27:51 | Age | Castle Age |
| 28:08 | Build | Blacksmith |
| 28:14 | Research | Bow Saw |
| 28:17 | Create | Knight ×5 |
| 28:18 | Create | Knight ×5 |
| 28:24 | Build | Mill |
| 29:08 | Create | Villager (Male) |
| 29:09 | Research | Wheelbarrow |
| 29:11 | Create | Villager (Male) |
| 29:17 | Research | Crossbowman (upgrade) |
| 29:19 | Research | Thumb Ring |
| 29:22 | Create | Archer |
| 29:35 | Research | Gold Mining |
| 29:37 | Create | Villager (Male) |
| 29:38 | Create | Villager (Male) |
| 29:40 | Create | Villager (Male) |
| 31:14 | Create | Knight ×4 |
| 31:33 | Create | Villager (Male) |
| 31:34 | Create | Villager (Male) |
| 31:36 | Research | Hand Cart |
| 31:37 | Create | Villager (Male) |
| 31:38 | Create | Villager (Male) |
| 31:44 | Create | Archer ×4 |
Build order — ThitherMender12
First 150 of 293 actions detected
| 0:18 | Build | House |
| 0:24 | Build | House |
| 0:25 | Build | House |
| 0:28 | Build | House |
| 0:30 | Build | House |
| 0:31 | Build | House |
| 0:34 | Build | House |
| 0:38 | Build | House |
| 0:50 | Research | Loom |
| 0:51 | Create | Villager (Male) |
| 0:51 | Create | Villager (Male) |
| 0:51 | Create | Villager (Male) |
| 0:52 | Create | Villager (Male) |
| 0:52 | Create | Villager (Male) |
| 0:52 | Create | Villager (Male) |
| 0:52 | Create | Villager (Male) |
| 2:20 | Create | Villager (Male) |
| 2:42 | Create | Villager (Male) |
| 2:42 | Create | Villager (Male) |
| 3:15 | Create | Villager (Male) |
| 3:16 | Create | Villager (Male) |
| 4:56 | Create | Villager (Male) |
| 4:56 | Create | Villager (Male) |
| 4:56 | Create | Villager (Male) |
| 4:57 | Create | Villager (Male) |
| 5:11 | Build | Mill |
| 5:23 | Create | Villager (Male) |
| 5:52 | Create | Villager (Male) |
| 5:52 | Create | Villager (Male) |
| 6:22 | Build | Lumber Camp |
| 6:50 | Create | Villager (Male) |
| 6:51 | Create | Villager (Male) |
| 6:51 | Create | Villager (Male) |
| 6:51 | Create | Villager (Male) |
| 7:06 | Create | Villager (Male) |
| 7:06 | Create | Villager (Male) |
| 7:26 | Create | Villager (Male) |
| 7:27 | Create | Villager (Male) |
| 7:27 | Create | Villager (Male) |
| 7:48 | Create | Villager (Male) |
| 7:49 | Create | Villager (Male) |
| 8:26 | Create | Villager (Male) |
| 8:27 | Create | Villager (Male) |
| 8:27 | Create | Villager (Male) |
| 9:14 | Create | Villager (Male) |
| 9:15 | Create | Villager (Male) |
| 9:15 | Create | Villager (Male) |
| 9:31 | Create | Villager (Male) |
| 9:31 | Create | Villager (Male) |
| 11:03 | Create | Villager (Male) |
| 11:03 | Create | Villager (Male) |
| 11:03 | Create | Villager (Male) |
| 12:55 | Research | Feudal Age |
| 13:30 | Build | Farm |
| 13:31 | Build | Farm |
| 13:33 | Build | Farm |
| 13:34 | Build | Farm |
| 13:38 | Build | Farm |
| 13:39 | Build | Farm |
| 14:42 | Build | Mining Camp |
| 15:00 | Build | Mining Camp |
| 15:20 | Build | Market |
| 15:25 | Create | Villager (Male) |
| 15:25 | Create | Villager (Male) |
| 15:25 | Create | Villager (Male) |
| 15:25 | Create | Villager (Male) |
| 15:25 | Create | Villager (Male) |
| 15:25 | Create | Villager (Male) |
| 15:26 | Create | Villager (Male) |
| 15:26 | Create | Villager (Male) |
| 15:26 | Create | Villager (Male) |
| 15:26 | Create | Villager (Male) |
| 15:27 | Create | Villager (Male) |
| 15:27 | Create | Villager (Male) |
| 15:27 | Create | Villager (Male) |
| 15:27 | Create | Villager (Male) |
| 15:27 | Create | Villager (Male) |
| 15:28 | Create | Villager (Male) |
| 16:05 | Build | Farm |
| 16:08 | Build | Farm |
| 16:09 | Build | Farm |
| 16:14 | Build | Farm |
| 16:16 | Build | Farm |
| 16:18 | Build | Farm |
| 16:21 | Build | Farm |
| 16:33 | Research | Horse Collar |
| 16:40 | Research | Double-Bit Axe |
| 16:51 | Build | Blacksmith |
| 16:57 | Build | Barracks |
| 17:57 | Build | House |
| 17:58 | Build | House |
| 18:00 | Build | House |
| 18:02 | Build | House |
| 18:03 | Build | House |
| 18:06 | Build | House |
| 18:07 | Build | House |
| 18:08 | Build | House |
| 18:10 | Build | House |
| 18:44 | Build | Archery Range |
| 18:47 | Build | Archery Range |
| 19:27 | Research | Castle Age |
| 20:22 | Create | Villager (Male) |
| 20:22 | Create | Villager (Male) |
| 20:22 | Create | Villager (Male) |
| 20:22 | Create | Villager (Male) |
| 20:22 | Create | Villager (Male) |
| 20:22 | Create | Villager (Male) |
| 20:23 | Create | Villager (Male) |
| 20:23 | Create | Villager (Male) |
| 20:23 | Create | Villager (Male) |
| 21:05 | Build | Barracks |
| 22:28 | Build | Barracks |
| 22:37 | Create | Villager (Male) |
| 22:37 | Create | Villager (Male) |
| 22:37 | Create | Villager (Male) |
| 22:37 | Create | Villager (Male) |
| 22:38 | Create | Villager (Male) |
| 22:38 | Create | Villager (Male) |
| 22:38 | Create | Villager (Male) |
| 22:38 | Create | Villager (Male) |
| 22:39 | Create | Villager (Male) |
| 22:39 | Create | Villager (Male) |
| 22:53 | Build | Town Center |
| 23:09 | Build | Castle |
| 23:22 | Research | Pikeman (upgrade) |
| 23:27 | Research | Crossbowman (upgrade) |
| 23:28 | Research | Elite Skirmisher (upgrade) |
| 23:36 | Build | Archery Range |
| 24:04 | Create | Villager (Male) |
| 24:04 | Create | Villager (Male) |
| 24:05 | Create | Villager (Male) |
| 24:05 | Create | Villager (Male) |
| 24:05 | Create | Villager (Male) |
| 24:05 | Create | Villager (Male) |
| 24:05 | Create | Villager (Male) |
| 24:46 | Build | Mining Camp |
| 24:53 | Create | Coustillier |
| 24:54 | Create | Coustillier |
| 24:54 | Create | Coustillier |
| 24:54 | Create | Coustillier |
| 24:54 | Create | Coustillier |
| 25:13 | Build | Farm |
| 25:16 | Build | Farm |
| 25:34 | Research | Bow Saw |
| 25:39 | Research | Heavy Plow |
| 25:51 | Create | Villager (Male) |
| 26:14 | Create | Coustillier |
| 26:35 | Create | Archer |
| 26:35 | Create | Archer |
| 26:35 | Create | Archer |
Build order — YanZan
First 150 of 298 actions detected
| 0:04 | Create | Villager (Male) |
| 0:04 | Create | Villager (Male) |
| 0:04 | Create | Villager (Male) |
| 0:05 | Create | Villager (Male) |
| 0:05 | Create | Villager (Male) |
| 0:05 | Create | Villager (Male) |
| 0:09 | Build | House |
| 0:10 | Build | House |
| 0:17 | Research | Loom |
| 1:40 | Create | Villager (Male) |
| 2:02 | Create | Villager (Male) |
| 2:45 | Create | Villager (Male) |
| 2:45 | Create | Villager (Male) |
| 2:45 | Create | Villager (Male) |
| 3:17 | Create | Villager (Male) |
| 3:17 | Create | Villager (Male) |
| 3:49 | Build | Lumber Camp |
| 3:52 | Create | Villager (Male) |
| 4:22 | Build | House |
| 4:23 | Build | House |
| 4:41 | Create | Villager (Male) |
| 4:41 | Create | Villager (Male) |
| 5:14 | Create | Villager (Male) |
| 5:14 | Create | Villager (Male) |
| 5:31 | Build | Mill |
| 6:15 | Create | Villager (Male) |
| 6:15 | Create | Villager (Male) |
| 7:17 | Create | Villager (Male) |
| 7:17 | Create | Villager (Male) |
| 7:23 | Build | Mining Camp |
| 7:32 | Create | Villager (Male) |
| 7:32 | Create | Villager (Male) |
| 7:59 | Build | Farm |
| 8:18 | Build | Farm |
| 8:47 | Build | Farm |
| 9:22 | Build | Farm |
| 9:24 | Research | Feudal Age |
| 11:07 | Build | House |
| 11:22 | Create | Villager (Male) |
| 11:23 | Create | Villager (Male) |
| 11:23 | Create | Villager (Male) |
| 11:23 | Create | Villager (Male) |
| 11:23 | Create | Villager (Male) |
| 11:24 | Create | Villager (Male) |
| 11:24 | Create | Villager (Male) |
| 11:24 | Create | Villager (Male) |
| 11:31 | Build | Farm |
| 11:34 | Age | Feudal Age |
| 11:36 | Build | Farm |
| 11:41 | Research | Double-Bit Axe |
| 11:48 | Build | House |
| 11:49 | Build | House |
| 12:14 | Build | Lumber Camp |
| 12:23 | Build | Farm |
| 12:37 | Build | Watch Tower |
| 12:56 | Research | Horse Collar |
| 13:43 | Build | Blacksmith |
| 13:52 | Build | Farm |
| 14:07 | Build | House |
| 14:08 | Build | House |
| 14:10 | Build | House |
| 14:41 | Research | Fletching |
| 14:49 | Create | Villager (Male) |
| 14:49 | Create | Villager (Male) |
| 14:59 | Build | Market |
| 15:21 | Build | House |
| 15:22 | Build | House |
| 15:29 | Build | Watch Tower |
| 15:50 | Create | Villager (Male) |
| 15:51 | Create | Villager (Male) |
| 15:51 | Create | Villager (Male) |
| 15:51 | Create | Villager (Male) |
| 16:32 | Build | Farm |
| 16:50 | Build | Farm |
| 17:10 | Build | Farm |
| 17:21 | Research | Castle Age |
| 17:23 | Research | Stone Mining |
| 17:37 | Build | Farm |
| 18:02 | Build | House |
| 18:03 | Build | House |
| 18:04 | Build | House |
| 18:09 | Build | Farm |
| 18:11 | Build | Farm |
| 18:14 | Build | Farm |
| 18:17 | Build | Farm |
| 18:25 | Research | Gold Mining |
| 18:27 | Create | Villager (Male) |
| 18:27 | Create | Villager (Male) |
| 18:28 | Create | Villager (Male) |
| 18:28 | Create | Villager (Male) |
| 18:46 | Build | House |
| 18:48 | Build | House |
| 18:50 | Build | House |
| 18:55 | Build | Watch Tower |
| 20:11 | Age | Castle Age |
| 20:20 | Research | Bow Saw |
| 20:22 | Research | Heavy Plow |
| 20:36 | Build | Town Center |
| 20:41 | Build | Lumber Camp |
| 21:38 | Create | Villager (Male) |
| 21:39 | Create | Villager (Male) |
| 21:39 | Create | Villager (Male) |
| 21:39 | Create | Villager (Male) |
| 21:40 | Create | Villager (Male) |
| 21:40 | Create | Villager (Male) |
| 21:40 | Create | Villager (Male) |
| 21:40 | Create | Villager (Male) |
| 21:51 | Build | Lumber Camp |
| 21:54 | Create | Villager (Male) |
| 21:55 | Create | Villager (Male) |
| 21:55 | Create | Villager (Male) |
| 21:55 | Create | Villager (Male) |
| 21:56 | Create | Villager (Male) |
| 21:56 | Create | Villager (Male) |
| 21:56 | Create | Villager (Male) |
| 21:56 | Create | Villager (Male) |
| 22:09 | Build | Mining Camp |
| 22:24 | Build | Watch Tower |
| 22:37 | Build | Mining Camp |
| 22:40 | Research | Stone Shaft Mining |
| 23:01 | Research | Gold Shaft Mining |
| 25:04 | Create | Villager (Male) |
| 25:04 | Create | Villager (Male) |
| 25:05 | Create | Villager (Male) |
| 25:05 | Create | Villager (Male) |
| 25:05 | Create | Villager (Male) |
| 25:05 | Create | Villager (Male) |
| 25:06 | Create | Villager (Male) |
| 25:06 | Create | Villager (Male) |
| 25:16 | Create | Villager (Male) |
| 25:16 | Create | Villager (Male) |
| 25:17 | Create | Villager (Male) |
| 25:17 | Create | Villager (Male) |
| 25:17 | Create | Villager (Male) |
| 25:18 | Create | Villager (Male) |
| 25:18 | Create | Villager (Male) |
| 25:18 | Create | Villager (Male) |
| 25:23 | Create | Villager (Male) |
| 25:48 | Build | Castle |
| 25:55 | Build | Lumber Camp |
| 26:08 | Build | Lumber Camp |
| 26:16 | Build | Lumber Camp |
| 27:10 | Build | Town Center |
| 27:16 | Research | Wheelbarrow |
| 27:18 | Research | Town Watch |
| 27:33 | Research | Stirrups |
| 27:53 | Build | House |
| 27:54 | Build | House |
| 27:55 | Build | House |
| 27:56 | Build | House |
Build order — FearsomeBadge81
First 150 of 326 actions detected
| 0:02 | Create | Villager (Male) |
| 0:02 | Create | Villager (Male) |
| 0:02 | Create | Villager (Male) |
| 0:03 | Create | Villager (Male) |
| 0:03 | Create | Villager (Male) |
| 0:03 | Research | Loom |
| 0:14 | Build | House |
| 0:18 | Build | House |
| 0:50 | Build | House |
| 0:51 | Build | House |
| 1:55 | Create | Villager (Male) |
| 1:55 | Create | Villager (Male) |
| 1:56 | Create | Villager (Male) |
| 1:56 | Create | Villager (Male) |
| 2:44 | Create | Villager (Male) |
| 2:44 | Create | Villager (Male) |
| 2:44 | Create | Villager (Male) |
| 2:44 | Create | Villager (Male) |
| 2:56 | Build | Mill |
| 3:05 | Create | Villager (Male) |
| 3:05 | Create | Villager (Male) |
| 3:06 | Create | Villager (Male) |
| 3:06 | Create | Villager (Male) |
| 3:36 | Create | Villager (Male) |
| 3:37 | Create | Villager (Male) |
| 3:37 | Create | Villager (Male) |
| 3:37 | Create | Villager (Male) |
| 4:35 | Create | Villager (Male) |
| 4:35 | Create | Villager (Male) |
| 4:35 | Create | Villager (Male) |
| 4:40 | Create | Villager (Male) |
| 4:40 | Create | Villager (Male) |
| 4:40 | Create | Villager (Male) |
| 5:19 | Create | Villager (Male) |
| 5:20 | Create | Villager (Male) |
| 5:20 | Create | Villager (Male) |
| 5:20 | Create | Villager (Male) |
| 5:20 | Create | Villager (Male) |
| 5:26 | Build | Lumber Camp |
| 6:23 | Create | Villager (Male) |
| 6:24 | Create | Villager (Male) |
| 6:24 | Create | Villager (Male) |
| 6:24 | Create | Villager (Male) |
| 6:44 | Build | Farm |
| 8:42 | Research | Feudal Age |
| 10:51 | Build | Farm |
| 10:57 | Build | Farm |
| 11:00 | Research | Horse Collar |
| 11:02 | Create | Villager (Male) |
| 11:03 | Create | Villager (Male) |
| 11:03 | Create | Villager (Male) |
| 11:04 | Create | Villager (Male) |
| 11:11 | Research | Double-Bit Axe |
| 11:31 | Build | House |
| 11:33 | Build | House |
| 11:50 | Build | Mining Camp |
| 12:13 | Build | Farm |
| 12:15 | Build | Farm |
| 12:20 | Build | Farm |
| 12:45 | Build | House |
| 13:03 | Research | Wheelbarrow |
| 13:03 | Research | Town Watch |
| 13:11 | Create | Villager (Male) |
| 13:12 | Create | Villager (Male) |
| 13:12 | Create | Villager (Male) |
| 13:12 | Create | Villager (Male) |
| 13:18 | Build | Mining Camp |
| 14:27 | Build | Market |
| 15:00 | Build | Farm |
| 15:02 | Build | Farm |
| 15:05 | Build | Farm |
| 15:46 | Build | Blacksmith |
| 16:46 | Build | Farm |
| 16:51 | Research | Castle Age |
| 17:06 | Build | Barracks |
| 17:20 | Build | Farm |
| 17:34 | Research | Stone Mining |
| 17:36 | Research | Gold Mining |
| 17:44 | Research | Forging |
| 17:45 | Research | Fletching |
| 17:55 | Research | Scale Mail Armor |
| 18:23 | Create | Trade Cart |
| 18:24 | Create | Trade Cart |
| 18:24 | Create | Trade Cart |
| 18:24 | Create | Trade Cart |
| 18:28 | Create | Trade Cart |
| 18:51 | Build | House |
| 18:53 | Create | Spearman |
| 18:54 | Create | Spearman |
| 18:55 | Research | Arson |
| 19:40 | Build | Stable |
| 20:13 | Build | Watch Tower |
| 20:20 | Research | Hand Cart |
| 20:33 | Build | Town Center |
| 21:00 | Research | Town Patrol |
| 21:19 | Create | Spearman |
| 21:19 | Create | Spearman |
| 21:41 | Build | Monastery |
| 22:03 | Create | Villager (Male) |
| 22:04 | Create | Villager (Male) |
| 22:06 | Create | Villager (Male) |
| 22:06 | Create | Villager (Male) |
| 22:13 | Create | Monk |
| 23:56 | Build | Farm |
| 23:59 | Build | Farm |
| 24:03 | Build | Farm |
| 24:06 | Build | Farm |
| 24:07 | Create | Villager (Male) |
| 24:08 | Create | Villager (Male) |
| 24:08 | Create | Villager (Male) |
| 24:08 | Create | Villager (Male) |
| 24:09 | Create | Villager (Male) |
| 24:10 | Create | Villager (Male) |
| 24:32 | Research | Bloodlines |
| 24:33 | Research | Husbandry |
| 24:39 | Create | Knight |
| 24:39 | Create | Knight |
| 24:39 | Create | Knight |
| 24:49 | Build | Archery Range |
| 24:52 | Build | Siege Workshop |
| 25:06 | Build | Siege Workshop |
| 25:51 | Research | Thumb Ring |
| 25:51 | Research | Elite Skirmisher (upgrade) |
| 25:55 | Create | Cavalry Archer |
| 25:55 | Create | Cavalry Archer |
| 25:55 | Create | Cavalry Archer |
| 25:56 | Create | Cavalry Archer |
| 25:56 | Create | Cavalry Archer |
| 26:13 | Create | Knight |
| 26:13 | Create | Knight |
| 26:13 | Create | Knight |
| 26:13 | Create | Knight |
| 26:39 | Research | Scale Barding Armor |
| 27:07 | Build | Farm |
| 27:13 | Build | Farm |
| 27:13 | Build | Farm |
| 27:13 | Build | Farm |
| 27:13 | Build | Farm |
| 27:14 | Build | Farm |
| 27:14 | Build | Farm |
| 27:14 | Build | Farm |
| 27:14 | Build | Farm |
| 27:15 | Build | Farm |
| 27:15 | Build | Farm |
| 27:15 | Build | Farm |
| 27:17 | Create | Villager (Male) |
| 27:17 | Create | Villager (Male) |
| 27:17 | Create | Villager (Male) |
| 27:17 | Create | Villager (Male) |
| 27:18 | Create | Villager (Male) |
Build order — León XIV
First 150 of 252 actions detected
| 0:07 | Research | Loom |
| 0:07 | Create | Villager (Male) |
| 0:07 | Create | Villager (Male) |
| 0:08 | Create | Villager (Male) |
| 0:08 | Create | Villager (Male) |
| 0:18 | Build | House |
| 0:18 | Build | House |
| 0:20 | Build | House |
| 2:13 | Create | Villager (Male) |
| 2:40 | Create | Villager (Male) |
| 4:25 | Build | Palisade Wall |
| 4:31 | Create | Villager (Male) |
| 4:32 | Create | Villager (Male) |
| 4:32 | Create | Villager (Male) |
| 5:07 | Build | Palisade Wall |
| 5:48 | Create | Villager (Male) |
| 5:49 | Create | Villager (Male) |
| 5:54 | Create | Villager (Male) |
| 6:48 | Build | Outpost |
| 7:04 | Create | Villager (Male) |
| 7:17 | Build | Palisade Wall |
| 7:32 | Create | Villager (Male) |
| 7:55 | Create | Villager (Male) |
| 8:32 | Build | Palisade Wall |
| 8:39 | Create | Villager (Male) |
| 9:02 | Build | Lumber Camp |
| 9:19 | Create | Villager (Male) |
| 9:30 | Build | House |
| 9:31 | Build | House |
| 10:05 | Build | Mill |
| 10:42 | Research | Feudal Age |
| 12:33 | Create | Villager (Male) |
| 12:33 | Create | Villager (Male) |
| 12:33 | Create | Villager (Male) |
| 12:33 | Create | Villager (Male) |
| 12:34 | Create | Villager (Male) |
| 12:36 | Create | Villager (Male) |
| 12:52 | Age | Feudal Age |
| 13:39 | Build | Market |
| 13:44 | Build | Blacksmith |
| 14:00 | Build | Mining Camp |
| 14:08 | Build | Stone Wall |
| 14:52 | Create | Villager (Male) |
| 15:41 | Build | House |
| 15:52 | Create | Trade Cart |
| 15:57 | Create | Villager (Male) |
| 16:30 | Build | House |
| 16:31 | Build | House |
| 16:33 | Build | House |
| 16:43 | Build | House |
| 16:48 | Build | Watch Tower |
| 17:29 | Build | Barracks |
| 17:45 | Build | House |
| 17:46 | Build | House |
| 17:47 | Build | House |
| 18:08 | Create | Villager (Male) |
| 18:19 | Build | Barracks |
| 18:47 | Create | Villager (Male) |
| 18:50 | Create | Villager (Male) |
| 19:09 | Build | Barracks |
| 19:36 | Build | Watch Tower |
| 20:08 | Research | Castle Age |
| 20:23 | Build | Mining Camp |
| 20:55 | Create | Trade Cart |
| 21:10 | Build | Barracks |
| 21:12 | Build | Barracks |
| 21:39 | Build | Barracks |
| 21:52 | Create | Trade Cart |
| 22:07 | Research | Stone Mining |
| 22:48 | Age | Castle Age |
| 23:00 | Build | Watch Tower |
| 23:11 | Research | Fletching |
| 23:25 | Build | Town Center |
| 24:14 | Create | Villager (Male) |
| 24:14 | Create | Villager (Male) |
| 24:39 | Build | Town Center |
| 25:06 | Build | Farm |
| 25:08 | Build | Farm |
| 25:52 | Create | Villager (Male) |
| 25:53 | Create | Villager (Male) |
| 25:54 | Create | Villager (Male) |
| 26:09 | Create | Villager (Male) |
| 26:22 | Create | Villager (Male) |
| 26:24 | Create | Villager (Male) |
| 26:39 | Build | Farm |
| 26:50 | Build | Farm |
| 26:57 | Create | Villager (Male) |
| 27:33 | Build | Mining Camp |
| 27:45 | Create | Villager (Male) |
| 27:53 | Create | Villager (Male) |
| 27:55 | Create | Villager (Male) |
| 28:06 | Create | Villager (Male) |
| 28:15 | Build | Farm |
| 28:21 | Create | Villager (Male) |
| 28:26 | Create | Villager (Male) |
| 28:30 | Create | Trade Cart |
| 28:56 | Build | Castle |
| 29:25 | Build | Outpost |
| 29:40 | Build | Castle |
| 29:46 | Create | Villager (Male) |
| 29:51 | Create | Villager (Male) |
| 29:54 | Create | Villager (Male) |
| 29:57 | Build | Farm |
| 30:03 | Create | Villager (Male) |
| 30:03 | Create | Villager (Male) |
| 30:10 | Create | Villager (Male) |
| 30:13 | Create | Villager (Male) |
| 30:13 | Create | Villager (Male) |
| 30:20 | Build | Farm |
| 30:51 | Build | Stable |
| 30:54 | Build | Stable |
| 30:56 | Build | Stable |
| 30:58 | Build | Stable |
| 31:05 | Create | Villager (Male) |
| 31:10 | Create | Villager (Male) |
| 31:13 | Build | Farm |
| 31:32 | Build | Farm |
| 31:37 | Create | Villager (Male) |
| 31:37 | Create | Villager (Male) |
| 31:47 | Create | Villager (Male) |
| 31:47 | Create | Villager (Male) |
| 31:50 | Create | Villager (Male) |
| 31:50 | Create | Villager (Male) |
| 31:53 | Create | Villager (Male) |
| 32:05 | Create | Trade Cart |
| 32:18 | Build | Farm |
| 32:40 | Create | Villager (Male) |
| 32:46 | Build | Farm |
| 32:53 | Create | Villager (Male) |
| 32:57 | Build | Farm |
| 33:16 | Build | Stable |
| 33:35 | Build | Farm |
| 33:39 | Create | Villager (Male) |
| 33:45 | Create | Villager (Male) |
| 33:46 | Create | Villager (Male) |
| 33:46 | Create | Villager (Male) |
| 34:13 | Build | Monastery |
| 34:20 | Create | Trade Cart |
| 34:27 | Build | Farm |
| 34:31 | Create | Villager (Male) |
| 34:31 | Create | Villager (Male) |
| 34:38 | Create | Villager (Male) |
| 34:38 | Create | Villager (Male) |
| 34:48 | Create | Villager (Male) |
| 34:49 | Create | Villager (Male) |
| 34:59 | Build | Farm |
| 35:04 | Create | Missionary |
| 35:16 | Build | University |
| 35:23 | Build | House |
| 35:24 | Build | House |
Match timeline
| 4:25 | León XIV · wall_segment Palisade Wall x3 |
| 5:07 | León XIV · wall_segment Palisade Wall x10 |
| 7:17 | León XIV · wall_segment Palisade Wall x5 |
| 8:32 | León XIV · wall_segment Palisade Wall x6 |
| 10:04 | ItzGangster · age_up feudal |
| 11:02 | ItzGangster · wall_segment Palisade Wall x5 |
| 11:34 | YanZan · age_up feudal |
| 12:45 | Twixxo · first_building Barracks |
| 12:52 | León XIV · age_up feudal |
| 12:59 | Twixxo · age_up feudal |
| 13:10 | Twixxo · wall_segment Stone Wall x7 |
| 13:13 | Twixxo · wall_segment Stone Wall x7 |
| 13:17 | Twixxo · wall_segment Stone Wall x5 |
| 13:27 | ItzGangster · first_building Barracks |
| 13:42 | Twixxo · wall_segment Stone Wall x5 |
| 14:08 | León XIV · wall_segment Stone Wall x8 |
| 14:28 | Twixxo · wall_segment Stone Wall x1 |
| 14:32 | Twixxo · wall_segment Stone Wall x12 |
| 15:42 | Twixxo · first_building Archery Range |
| 16:38 | Twixxo · first_building Stable |
| 16:57 | ThitherMender12 · first_building Barracks |
| 17:06 | FearsomeBadge81 · first_building Barracks |
| 17:14 | ItzGangster · first_building Stable |
| 17:16 | YanZan · first_market_sell 100 wood |
| 17:29 | León XIV · first_building Barracks |
| 17:59 | FearsomeBadge81 · first_market_sell 100 wood |
| 18:00 | FearsomeBadge81 · first_market_buy 100 food |
| 18:44 | ThitherMender12 · first_building Archery Range |
| 19:40 | FearsomeBadge81 · first_building Stable |
| 20:11 | YanZan · age_up castle |
| 20:50 | León XIV · first_market_buy 100 food |
| 21:41 | FearsomeBadge81 · first_building Monastery |
| 22:45 | Twixxo · age_up castle |
| 22:48 | León XIV · age_up castle |
| 23:09 | Twixxo · first_market_sell 100 wood |
| 23:09 | Twixxo · first_market_buy 100 stone |
| 23:09 | ThitherMender12 · first_building Castle |
| 23:20 | Twixxo · first_building Castle |
| 24:49 | FearsomeBadge81 · first_building Archery Range |
| 24:52 | FearsomeBadge81 · first_building Siege Workshop |
| 25:16 | Twixxo · first_building Siege Workshop |
| 25:36 | ItzGangster · first_building Archery Range |
| 25:48 | YanZan · first_building Castle |
| 26:34 | Twixxo · wall_segment Stone Wall x10 |
| 26:40 | Twixxo · wall_segment Stone Wall x7 |
| 27:51 | ItzGangster · age_up castle |
| 28:02 | Twixxo · wall_segment Stone Wall x8 |
| 28:13 | Twixxo · wall_segment Stone Wall x1 |
| 28:15 | Twixxo · wall_segment Stone Wall x4 |
| 28:40 | FearsomeBadge81 · first_building Castle |
| 28:56 | León XIV · first_building Castle |
| 29:10 | YanZan · first_market_buy 100 food |
| 29:26 | Twixxo · wall_segment Stone Wall x2 |
| 30:08 | León XIV · first_market_sell 100 wood |
| 30:14 | YanZan · first_building Barracks |
| 30:42 | Twixxo · wall_segment Stone Wall x11 |
| 30:47 | Twixxo · age_up imperial |
| 30:51 | León XIV · first_building Stable |
| 31:31 | Twixxo · first_building Monastery |
| 31:47 | Twixxo · wall_segment Palisade Wall x1 |
| 33:01 | YanZan · first_building Archery Range |
| 34:06 | Twixxo · wall_segment Stone Wall x1 |
| 34:09 | Twixxo · wall_segment Stone Wall x2 |
| 34:13 | Twixxo · wall_segment Stone Wall x1 |
| 34:13 | León XIV · first_building Monastery |
| 35:04 | Twixxo · wall_segment Stone Wall x4 |
| 35:07 | Twixxo · wall_segment Stone Wall x5 |
| 36:10 | YanZan · first_building Monastery |
| 36:15 | Twixxo · wall_segment Stone Wall x5 |
| 37:06 | ItzGangster · first_building Castle |
| 37:24 | León XIV · first_building Siege Workshop |
| 38:00 | Twixxo · wall_segment Stone Wall x1 |
| 38:44 | León XIV · first_building Archery Range |
| 39:24 | Twixxo · wall_segment Stone Wall x1 |
| 39:25 | Twixxo · wall_segment Stone Wall x1 |
| 40:22 | León XIV · wall_segment Stone Wall x18 |
| 40:33 | ThitherMender12 · wall_segment Stone Wall x8 |
| 41:27 | ThitherMender12 · resign |
| 42:51 | YanZan · age_up imperial |
| 43:13 | ItzGangster · age_up imperial |
| 44:09 | ItzGangster · first_building Monastery |
[ AI ANALYSIS · 1 CREDIT ]
What really happened in this match?
Wolo.gg analyzes every decision: build order, eco, micro, common mistakes by bracket. Personalized analysis on WhatsApp or Discord in 30 seconds.
Civ guide
Teutons
Map guide
Arena
Perfil
Twixxo